[ PARTIDA AOE2 · #489714056 ]
UnrankedWu vs Mongols
Equipo del jugador · DERR
[ ANÁLISIS DE REPETICIÓN · EXTRAÍDO DE LA PARTIDA GRABADA ]
Feudal
13:15
Castillos
18:03
Imperial
33:02
| APM promedio | 31.3 |
| APM pico | 110 |
| eAPM promedio | 19.3 |
| Aldeanos / militares | 157 / 86 |
Foco
⚔️ 60.1% · 🌾 39.9%
Unknown (1974) ×163 · Spearman ×85 · Unknown (1968) ×72 · Unknown (1942) ×9 · Fishing Ship ×8 · Archer ×1
Feudal
12:17
Castillos
19:56
Imperial
42:58
| APM promedio | 38.4 |
| APM pico | 85 |
| eAPM promedio | 12.2 |
| Aldeanos / militares | 88 / 65 |
Foco
⚔️ 26.5% · 🌾 73.5%
Mangudai ×56 · Fishing Ship ×11 · Battering Ram ×7 · Unknown (2626) ×7 · Scorpion ×2
Feudal
14:18
Castillos
18:13
Imperial
40:33
| APM promedio | 33.8 |
| APM pico | 103 |
| eAPM promedio | 14.5 |
| Aldeanos / militares | 117 / 69 |
Foco
⚔️ 34.1% · 🌾 65.9%
Rattan Archer ×65 · Fishing Ship ×10 · Mangonel ×2 · Trebuchet (Packed) ×2
Feudal
15:14
Castillos
24:35
Imperial
40:58
| APM promedio | 25.8 |
| APM pico | 42 |
| eAPM promedio | 16.5 |
| Aldeanos / militares | 156 / 144 |
Foco
⚔️ 31.3% · 🌾 68.7%
Fishing Ship ×115 · Unknown (2626) ×60 · Woad Raider ×44 · Battering Ram ×40 · Spearman ×25 · Scorpion ×23
Feudal
16:32
Castillos
21:53
Imperial
32:05
| APM promedio | 16.9 |
| APM pico | 42 |
| eAPM promedio | 10.2 |
| Aldeanos / militares | 144 / 167 |
Foco
⚔️ 26.1% · 🌾 73.9%
Knight ×161 · Fishing Ship ×13 · Unknown (2626) ×6 · Trebuchet (Packed) ×4 · Mangonel ×2
Feudal
14:20
Castillos
27:52
Imperial
—
| APM promedio | 29.4 |
| APM pico | 72 |
| eAPM promedio | 16.6 |
| Aldeanos / militares | 110 / 80 |
Foco
⚔️ 18.5% · 🌾 81.5%
Magyar Huszar ×78 · Fishing Ship ×19 · Transport Ship ×2
Feudal
13:41
Castillos
17:15
Imperial
43:41
| APM promedio | 28.7 |
| APM pico | 46 |
| eAPM promedio | 16.2 |
| Aldeanos / militares | 103 / 169 |
Foco
⚔️ 39.6% · 🌾 60.4%
Berserk ×149 · Fishing Ship ×52 · Battering Ram ×12 · Knight ×3 · Longboat ×3 · Monk ×1
Feudal
14:11
Castillos
17:53
Imperial
—
| APM promedio | 28.2 |
| APM pico | 85 |
| eAPM promedio | 19.8 |
| Aldeanos / militares | 223 / 180 |
Foco
⚔️ 24.5% · 🌾 75.5%
Demolition Raft ×57 · Fire Galley ×50 · Unknown (2626) ×30 · Elephant Archer ×30 · Skirmisher ×24 · Fishing Ship ×23
Mapa de la partida
Recursos iniciales + cada clic de construcción. Líneas = muros · curvas = relieve. ◆ oro · ⬟ piedra · ● bayas · ✦ reliquia · ◌ hueco del cierre
Tu base· Abierta — flanco sin cerrar
Base de 帝国新手· Abierta — flanco sin cerrar
Base de [TEMPLE]Al.Alejandr22· Abierta — hueco de 4t
Base de 很蓝的啦· Abierta — hueco de 4t
Base de Gunslinger· Abierta — flanco sin cerrar
Base de Stophles· Abierta — hueco de 7t
Base de crazyman 单TC博杀· Abierta — hueco de 3t
Base de SQ | dfLozanot· Abierta — flanco sin cerrar
Terreno inicial suavizado · ◌ = hueco del cierre detectado · pasá el cursor para detalles
Inputs por minuto
— Dadagama - - 帝国新手
Build order — Dadagama
Primeras 150 de 325 acciones detectadas
| 0:42 | Construir | Town Center |
| 1:00 | Construir | Dock |
| 1:02 | Construir | House |
| 1:02 | Construir | House |
| 2:49 | Crear | Villager (Male) ×5 |
| 2:49 | Crear | Villager (Male) ×5 |
| 2:49 | Crear | Villager (Male) ×5 |
| 4:37 | Crear | Fishing Ship |
| 4:38 | Crear | Fishing Ship |
| 4:42 | Crear | Villager (Male) |
| 4:42 | Crear | Villager (Male) |
| 4:44 | Crear | Fishing Ship |
| 5:00 | Construir | House |
| 5:00 | Construir | House |
| 5:10 | Investigar | Loom |
| 5:31 | Crear | Fishing Ship |
| 5:31 | Crear | Fishing Ship |
| 6:00 | Crear | Villager (Male) |
| 6:01 | Crear | Villager (Male) |
| 6:01 | Crear | Villager (Male) |
| 6:20 | Crear | Fishing Ship |
| 6:27 | Construir | House |
| 6:33 | Crear | Villager (Male) |
| 6:33 | Crear | Villager (Male) |
| 7:18 | Crear | Villager (Male) |
| 7:18 | Crear | Villager (Male) |
| 7:19 | Crear | Villager (Male) |
| 7:20 | Crear | Fishing Ship |
| 7:34 | Crear | Villager (Male) |
| 7:35 | Crear | Villager (Male) |
| 7:56 | Crear | Fishing Ship |
| 8:07 | Construir | House |
| 8:10 | Crear | Villager (Male) |
| 8:10 | Crear | Villager (Male) |
| 8:45 | Crear | Villager (Male) |
| 9:01 | Construir | House |
| 9:06 | Crear | Villager (Male) |
| 9:06 | Crear | Villager (Male) |
| 9:25 | Construir | Lumber Camp |
| 10:04 | Crear | Villager (Male) |
| 10:04 | Crear | Villager (Male) |
| 10:19 | Construir | Mining Camp |
| 10:45 | Investigar | Feudal Age |
| 11:32 | Crear | Villager (Male) ×3 |
| 12:27 | Construir | Mill |
| 12:33 | Crear | Villager (Male) |
| 13:15 | Edad | Edad Feudal |
| 13:19 | Construir | Blacksmith |
| 13:22 | Construir | Stone Wall |
| 13:48 | Construir | Mining Camp |
| 14:12 | Construir | Market |
| 14:15 | Crear | Villager (Male) |
| 15:18 | Construir | House |
| 15:23 | Investigar | Castle Age |
| 15:23 | Investigar | Castle Age |
| 15:30 | Investigar | Double-Bit Axe |
| 15:49 | Construir | Barracks |
| 16:35 | Crear | Villager (Male) |
| 16:36 | Crear | Villager (Male) |
| 16:36 | Crear | Villager (Male) |
| 17:14 | Investigar | Arson |
| 17:16 | Investigar | Scale Mail Armor |
| 17:17 | Investigar | Forging |
| 17:33 | Construir | House |
| 17:35 | Crear | Villager (Male) |
| 18:03 | Edad | Edad de los Castillos |
| 18:28 | Construir | Archery Range |
| 18:33 | Investigar | Chain Mail Armor |
| 18:37 | Investigar | Squires |
| 18:38 | Crear | Unit 1974 |
| 19:16 | Crear | Unit 1974 |
| 19:26 | Construir | House |
| 19:29 | Crear | Villager (Male) |
| 19:30 | Crear | Villager (Male) |
| 19:39 | Construir | Town Center |
| 19:56 | Construir | Town Center |
| 20:05 | Crear | Unit 1974 |
| 20:06 | Crear | Villager (Male) ×3 |
| 20:23 | Construir | Farm |
| 20:30 | Investigar | Horse Collar |
| 20:36 | Crear | Villager (Male) |
| 20:36 | Crear | Villager (Male) |
| 21:10 | Construir | House |
| 21:27 | Construir | Farm |
| 21:51 | Construir | House |
| 22:02 | Crear | Villager (Male) ×3 |
| 22:12 | Construir | Farm |
| 22:14 | Construir | Farm |
| 22:20 | Crear | Villager (Male) ×2 |
| 22:30 | Construir | House |
| 22:32 | Construir | House |
| 22:36 | Crear | Villager (Male) ×2 |
| 22:43 | Construir | Farm |
| 22:51 | Crear | Villager (Male) ×2 |
| 22:51 | Crear | Villager (Male) ×2 |
| 23:04 | Construir | Castle |
| 23:12 | Construir | Mining Camp |
| 23:13 | Crear | Villager (Male) |
| 23:14 | Crear | Villager (Male) ×2 |
| 23:14 | Crear | Villager (Male) |
| 23:14 | Crear | Villager (Male) |
| 23:18 | Construir | Farm |
| 23:21 | Construir | Farm |
| 24:06 | Crear | Villager (Male) ×3 |
| 24:39 | Crear | Villager (Male) ×3 |
| 24:45 | Construir | Farm |
| 24:45 | Construir | Farm |
| 24:45 | Construir | Farm |
| 24:46 | Construir | Farm |
| 24:55 | Construir | Farm |
| 24:56 | Construir | Farm |
| 24:56 | Construir | Farm |
| 24:59 | Crear | Villager (Male) ×2 |
| 24:59 | Crear | Villager (Male) ×2 |
| 25:00 | Crear | Villager (Male) ×2 |
| 25:02 | Construir | Farm |
| 25:03 | Construir | Farm |
| 25:03 | Construir | Farm |
| 25:03 | Construir | Farm |
| 25:03 | Construir | Farm |
| 25:05 | Construir | Farm |
| 25:09 | Construir | Farm |
| 25:26 | Construir | House |
| 25:28 | Construir | House |
| 25:30 | Crear | Villager (Male) ×2 |
| 25:30 | Crear | Villager (Male) ×2 |
| 25:41 | Crear | Unit 1974 |
| 25:44 | Crear | Villager (Male) |
| 25:53 | Construir | Farm |
| 25:56 | Construir | Farm |
| 26:06 | Crear | Villager (Male) ×5 |
| 26:09 | Construir | House |
| 26:13 | Crear | Villager (Male) |
| 26:14 | Crear | Villager (Male) |
| 26:14 | Crear | Villager (Male) |
| 26:16 | Construir | Farm |
| 26:19 | Construir | Farm |
| 26:23 | Construir | Farm |
| 26:31 | Construir | House |
| 26:31 | Construir | House |
| 26:34 | Crear | Villager (Male) ×2 |
| 26:55 | Construir | Farm |
| 26:59 | Crear | Villager (Male) ×5 |
| 27:07 | Crear | Villager (Male) |
| 27:09 | Crear | Villager (Male) |
| 27:15 | Construir | Farm |
| 27:18 | Construir | Farm |
| 27:23 | Investigar | Wheelbarrow |
| 27:25 | Crear | Villager (Male) ×2 |
| 27:39 | Construir | Mill |
Build order — 帝国新手
Primeras 150 de 289 acciones detectadas
| 0:43 | Construir | Town Center |
| 2:05 | Construir | Dock |
| 2:06 | Construir | House |
| 2:57 | Crear | Villager (Male) |
| 2:57 | Crear | Villager (Male) |
| 2:57 | Crear | Villager (Male) |
| 2:57 | Crear | Villager (Male) |
| 4:04 | Crear | Fishing Ship |
| 4:04 | Crear | Fishing Ship |
| 4:11 | Investigar | Loom |
| 4:48 | Construir | House |
| 4:50 | Crear | Villager (Male) |
| 4:51 | Crear | Villager (Male) |
| 4:51 | Crear | Villager (Male) |
| 5:39 | Crear | Fishing Ship |
| 5:46 | Crear | Villager (Male) |
| 5:46 | Crear | Villager (Male) |
| 6:59 | Crear | Villager (Male) |
| 6:59 | Crear | Villager (Male) |
| 7:00 | Crear | Villager (Male) |
| 7:03 | Crear | Fishing Ship |
| 7:11 | Construir | House |
| 7:27 | Construir | House |
| 7:29 | Construir | House |
| 8:17 | Crear | Fishing Ship |
| 8:32 | Crear | Villager (Male) |
| 8:33 | Crear | Villager (Male) |
| 8:49 | Crear | Fishing Ship |
| 9:31 | Construir | Lumber Camp |
| 9:42 | Crear | Villager (Male) |
| 10:03 | Investigar | Feudal Age |
| 11:21 | Construir | Dock |
| 11:38 | Construir | Mining Camp |
| 11:46 | Crear | Fishing Ship |
| 12:12 | Crear | Fishing Ship |
| 12:17 | Edad | Edad Feudal |
| 12:22 | Construir | Watch Tower |
| 12:41 | Crear | Villager (Male) |
| 12:41 | Crear | Villager (Male) |
| 13:16 | Construir | Blacksmith |
| 13:34 | Crear | Villager (Male) |
| 13:34 | Crear | Villager (Male) |
| 14:14 | Construir | House |
| 14:15 | Construir | House |
| 15:03 | Construir | Mill |
| 15:04 | Crear | Villager (Male) |
| 15:04 | Crear | Villager (Male) |
| 15:05 | Crear | Villager (Male) |
| 15:07 | Investigar | Double-Bit Axe |
| 15:10 | Crear | Fishing Ship |
| 15:56 | Construir | Market |
| 16:08 | Crear | Villager (Male) |
| 16:45 | Construir | Stone Wall |
| 16:51 | Crear | Villager (Male) |
| 17:04 | Investigar | Castle Age |
| 17:32 | Construir | Stone Wall |
| 17:37 | Construir | Farm |
| 17:38 | Construir | Farm |
| 17:41 | Construir | Farm |
| 17:44 | Construir | House |
| 17:45 | Construir | Blacksmith |
| 18:02 | Construir | Stone Wall |
| 18:30 | Crear | Fishing Ship |
| 18:30 | Crear | Fishing Ship |
| 18:54 | Investigar | Fletching |
| 18:58 | Construir | House |
| 19:15 | Construir | Outpost |
| 19:20 | Investigar | Padded Archer Armor |
| 19:26 | Construir | Barracks |
| 19:47 | Construir | Farm |
| 19:56 | Edad | Edad de los Castillos |
| 20:09 | Construir | Castle |
| 20:18 | Crear | Villager (Male) |
| 20:18 | Crear | Villager (Male) |
| 20:18 | Crear | Villager (Male) |
| 20:19 | Crear | Villager (Male) |
| 20:21 | Investigar | Bow Saw |
| 20:42 | Crear | Unit 2626 |
| 20:42 | Crear | Unit 2626 |
| 20:51 | Crear | Unit 2626 |
| 21:25 | Investigar | Forging |
| 21:57 | Construir | Dock |
| 21:59 | Crear | Villager (Male) |
| 22:00 | Crear | Villager (Male) |
| 22:00 | Crear | Villager (Male) |
| 22:00 | Crear | Villager (Male) |
| 22:23 | Construir | Town Center |
| 22:39 | Construir | Farm |
| 22:42 | Crear | Mangudai |
| 22:45 | Crear | Mangudai |
| 22:59 | Crear | Unit 2626 |
| 22:59 | Crear | Unit 2626 |
| 23:28 | Investigar | Wheelbarrow |
| 23:39 | Investigar | Leather Archer Armor |
| 24:07 | Crear | Unit 2626 |
| 24:12 | Crear | Unit 2626 |
| 24:38 | Investigar | Bodkin Arrow |
| 24:43 | Construir | University |
| 24:45 | Crear | Mangudai |
| 24:46 | Crear | Mangudai |
| 24:46 | Crear | Mangudai |
| 24:46 | Crear | Mangudai |
| 25:33 | Crear | Villager (Male) |
| 25:33 | Crear | Villager (Male) |
| 25:33 | Crear | Villager (Male) |
| 25:34 | Crear | Villager (Male) |
| 25:37 | Construir | Lumber Camp |
| 25:40 | Crear | Villager (Male) |
| 25:41 | Crear | Villager (Male) |
| 26:12 | Construir | Farm |
| 26:24 | Crear | Villager (Male) |
| 26:56 | Crear | Mangudai |
| 27:01 | Construir | Lumber Camp |
| 27:36 | Construir | Stable |
| 28:05 | Construir | House |
| 28:19 | Construir | Farm |
| 28:19 | Construir | Farm |
| 28:20 | Construir | Farm |
| 28:20 | Construir | Farm |
| 28:24 | Construir | Castle |
| 28:27 | Investigar | Horse Collar |
| 28:31 | Investigar | Husbandry |
| 28:38 | Construir | House |
| 28:40 | Construir | House |
| 28:49 | Investigar | Bloodlines |
| 28:56 | Investigar | Ballistics |
| 29:17 | Construir | Farm |
| 29:20 | Construir | Farm |
| 29:23 | Construir | Farm |
| 29:38 | Construir | House |
| 29:43 | Crear | Mangudai |
| 29:46 | Crear | Villager (Male) |
| 29:57 | Crear | Villager (Male) |
| 29:57 | Crear | Villager (Male) |
| 29:59 | Crear | Villager (Male) |
| 30:00 | Crear | Villager (Male) |
| 30:00 | Crear | Villager (Male) |
| 30:04 | Crear | Mangudai |
| 30:05 | Crear | Mangudai |
| 30:51 | Crear | Mangudai |
| 30:52 | Crear | Mangudai |
| 30:52 | Crear | Mangudai |
| 31:11 | Construir | Farm |
| 31:13 | Construir | Farm |
| 31:24 | Construir | House |
| 31:32 | Crear | Villager (Male) |
| 31:33 | Crear | Villager (Male) |
| 31:33 | Crear | Villager (Male) |
| 31:33 | Crear | Villager (Male) |
| 31:47 | Investigar | Town Watch |
Build order — [TEMPLE]Al.Alejandr22
Primeras 150 de 318 acciones detectadas
| 0:19 | Construir | Town Center |
| 0:27 | Construir | Dock |
| 2:50 | Crear | Villager (Male) |
| 2:50 | Crear | Villager (Male) |
| 2:50 | Crear | Villager (Male) |
| 2:51 | Crear | Villager (Male) |
| 2:51 | Crear | Villager (Male) |
| 3:02 | Crear | Villager (Male) |
| 3:02 | Crear | Villager (Male) |
| 3:04 | Investigar | Loom |
| 3:34 | Crear | Fishing Ship |
| 3:34 | Crear | Fishing Ship |
| 4:12 | Construir | House |
| 4:26 | Construir | House |
| 4:48 | Crear | Fishing Ship |
| 5:02 | Crear | Villager (Male) |
| 5:02 | Crear | Villager (Male) |
| 5:28 | Crear | Fishing Ship |
| 5:28 | Crear | Fishing Ship |
| 5:51 | Crear | Villager (Male) |
| 5:51 | Crear | Villager (Male) |
| 6:32 | Crear | Fishing Ship |
| 6:32 | Crear | Fishing Ship |
| 6:56 | Crear | Villager (Male) |
| 6:56 | Crear | Villager (Male) |
| 6:56 | Crear | Villager (Male) |
| 6:57 | Crear | Villager (Male) |
| 6:58 | Crear | Villager (Male) |
| 7:10 | Crear | Fishing Ship |
| 7:11 | Crear | Fishing Ship |
| 7:13 | Crear | Villager (Male) |
| 7:49 | Crear | Villager (Male) |
| 7:53 | Construir | House |
| 8:15 | Crear | Villager (Male) |
| 9:17 | Crear | Villager (Male) |
| 9:19 | Construir | Mill |
| 9:33 | Construir | House |
| 9:45 | Crear | Villager (Male) |
| 10:21 | Construir | House |
| 10:22 | Crear | Villager (Male) |
| 10:25 | Investigar | Feudal Age |
| 10:44 | Construir | House |
| 10:44 | Crear | Villager (Male) |
| 11:18 | Crear | Villager (Male) |
| 11:18 | Crear | Villager (Male) |
| 11:35 | Construir | House |
| 11:46 | Investigar | Feudal Age |
| 12:14 | Construir | Mining Camp |
| 13:24 | Crear | Villager (Male) |
| 13:25 | Crear | Villager (Male) |
| 13:29 | Construir | Mining Camp |
| 14:18 | Edad | Edad Feudal |
| 14:26 | Crear | Villager (Male) |
| 14:26 | Crear | Villager (Male) |
| 14:32 | Construir | Market |
| 14:38 | Construir | Blacksmith |
| 15:05 | Construir | Lumber Camp |
| 15:27 | Investigar | Castle Age |
| 15:28 | Investigar | Castle Age |
| 15:49 | Investigar | Fletching |
| 15:49 | Investigar | Fletching |
| 15:56 | Investigar | Double-Bit Axe |
| 16:07 | Crear | Fishing Ship |
| 18:13 | Edad | Edad de los Castillos |
| 18:19 | Crear | Villager (Male) |
| 18:19 | Crear | Villager (Male) |
| 18:48 | Crear | Villager (Male) |
| 19:26 | Crear | Villager (Male) |
| 19:26 | Crear | Villager (Male) |
| 19:50 | Construir | Castle |
| 19:55 | Investigar | Bodkin Arrow |
| 20:01 | Crear | Villager (Male) |
| 20:17 | Construir | Town Center |
| 20:29 | Construir | Mining Camp |
| 20:32 | Crear | Villager (Male) |
| 20:58 | Crear | Rattan Archer |
| 20:59 | Crear | Rattan Archer |
| 21:08 | Crear | Rattan Archer |
| 21:08 | Crear | Rattan Archer |
| 21:57 | Crear | Villager (Male) |
| 21:57 | Crear | Villager (Male) |
| 22:14 | Construir | Town Center |
| 22:19 | Crear | Villager (Male) |
| 22:19 | Crear | Villager (Male) |
| 22:31 | Construir | Farm |
| 22:32 | Construir | Farm |
| 22:32 | Construir | Farm |
| 22:32 | Construir | Farm |
| 22:34 | Construir | Farm |
| 22:36 | Crear | Villager (Male) |
| 22:41 | Crear | Rattan Archer |
| 22:41 | Crear | Rattan Archer |
| 23:12 | Crear | Rattan Archer |
| 23:12 | Crear | Rattan Archer |
| 23:45 | Construir | Lumber Camp |
| 24:23 | Crear | Villager (Male) |
| 24:23 | Crear | Villager (Male) |
| 24:33 | Crear | Rattan Archer |
| 24:33 | Crear | Rattan Archer |
| 24:35 | Crear | Rattan Archer |
| 24:43 | Crear | Villager (Male) |
| 24:44 | Crear | Villager (Male) |
| 25:08 | Crear | Rattan Archer |
| 25:09 | Crear | Rattan Archer |
| 25:13 | Crear | Villager (Male) |
| 25:14 | Crear | Rattan Archer |
| 25:14 | Crear | Rattan Archer |
| 25:21 | Construir | Castle |
| 25:38 | Crear | Villager (Male) |
| 25:39 | Crear | Rattan Archer |
| 25:39 | Crear | Rattan Archer |
| 25:41 | Crear | Villager (Male) |
| 25:41 | Crear | Villager (Male) |
| 26:01 | Crear | Rattan Archer |
| 26:02 | Crear | Villager (Male) |
| 26:02 | Crear | Villager (Male) |
| 26:39 | Crear | Villager (Male) |
| 26:40 | Crear | Rattan Archer |
| 26:40 | Crear | Rattan Archer |
| 26:46 | Crear | Villager (Male) |
| 26:53 | Construir | Farm |
| 26:53 | Construir | Farm |
| 26:53 | Construir | Farm |
| 27:15 | Construir | Siege Workshop |
| 27:19 | Crear | Villager (Male) |
| 27:19 | Crear | Villager (Male) |
| 27:19 | Crear | Villager (Male) |
| 27:34 | Crear | Rattan Archer |
| 27:35 | Crear | Rattan Archer |
| 28:37 | Crear | Villager (Male) |
| 28:37 | Crear | Villager (Male) |
| 28:55 | Construir | Mining Camp |
| 29:10 | Construir | Town Center |
| 29:14 | Crear | Villager (Male) |
| 29:14 | Crear | Villager (Male) |
| 29:18 | Crear | Villager (Male) |
| 29:18 | Crear | Villager (Male) |
| 29:26 | Crear | Rattan Archer |
| 29:26 | Crear | Rattan Archer |
| 29:46 | Crear | Villager (Male) |
| 29:46 | Crear | Villager (Male) |
| 29:50 | Crear | Rattan Archer |
| 29:50 | Crear | Rattan Archer |
| 29:59 | Crear | Rattan Archer |
| 29:59 | Crear | Rattan Archer |
| 29:59 | Crear | Rattan Archer |
| 31:00 | Crear | Villager (Male) |
| 31:00 | Crear | Villager (Male) |
| 31:18 | Crear | Mangonel |
| 31:19 | Crear | Mangonel |
Build order — 很蓝的啦
Primeras 150 de 370 acciones detectadas
| 0:09 | Construir | Town Center |
| 0:41 | Construir | House |
| 2:16 | Construir | House |
| 2:27 | Crear | Villager (Male) ×4 |
| 2:27 | Crear | Villager (Male) ×4 |
| 3:06 | Construir | House |
| 3:17 | Construir | House |
| 4:07 | Crear | Villager (Male) |
| 4:08 | Crear | Villager (Male) |
| 4:34 | Investigar | Loom |
| 4:49 | Construir | Dock |
| 5:01 | Crear | Villager (Male) |
| 5:15 | Crear | Villager (Male) |
| 5:27 | Crear | Fishing Ship |
| 5:35 | Crear | Villager (Male) |
| 5:37 | Crear | Fishing Ship |
| 6:01 | Crear | Villager (Male) |
| 6:01 | Crear | Villager (Male) |
| 6:01 | Crear | Villager (Male) |
| 6:14 | Crear | Villager (Male) |
| 6:20 | Construir | House |
| 6:22 | Construir | House |
| 6:30 | Construir | House |
| 6:43 | Crear | Fishing Ship |
| 6:51 | Construir | House |
| 7:14 | Crear | Villager (Male) |
| 7:14 | Crear | Villager (Male) |
| 7:16 | Construir | House |
| 7:31 | Crear | Villager (Male) |
| 7:33 | Crear | Fishing Ship |
| 7:47 | Crear | Villager (Male) |
| 7:56 | Crear | Fishing Ship |
| 8:09 | Crear | Villager (Male) ×2 |
| 8:11 | Construir | House |
| 8:24 | Construir | House |
| 8:31 | Crear | Villager (Male) |
| 8:41 | Construir | Palisade Wall |
| 8:46 | Construir | Palisade Gate |
| 8:51 | Crear | Fishing Ship |
| 8:52 | Crear | Fishing Ship |
| 9:23 | Construir | Mill |
| 9:30 | Crear | Villager (Male) |
| 9:39 | Crear | Fishing Ship |
| 9:40 | Crear | Fishing Ship |
| 10:01 | Crear | Villager (Male) |
| 10:05 | Construir | Lumber Camp |
| 10:14 | Crear | Villager (Male) ×4 |
| 10:25 | Crear | Fishing Ship |
| 10:47 | Crear | Villager (Male) |
| 11:01 | Construir | House |
| 11:02 | Construir | House |
| 11:15 | Construir | Dock |
| 11:17 | Crear | Fishing Ship |
| 11:30 | Crear | Villager (Male) |
| 11:32 | Construir | House |
| 11:33 | Construir | House |
| 11:58 | Construir | Mining Camp |
| 12:04 | Construir | House |
| 12:10 | Crear | Fishing Ship |
| 12:12 | Construir | Palisade Wall |
| 12:16 | Construir | Palisade Gate |
| 12:18 | Construir | House |
| 12:20 | Construir | House |
| 12:22 | Construir | Palisade Wall |
| 12:23 | Construir | Palisade Wall |
| 12:29 | Crear | Fishing Ship ×2 |
| 12:48 | Construir | Dock |
| 13:04 | Investigar | Feudal Age |
| 13:05 | Investigar | Feudal Age |
| 13:06 | Crear | Fishing Ship ×2 |
| 13:07 | Crear | Fishing Ship ×2 |
| 13:25 | Crear | Fishing Ship |
| 13:41 | Crear | Fishing Ship |
| 13:54 | Crear | Fishing Ship ×2 |
| 13:54 | Crear | Fishing Ship ×2 |
| 14:02 | Construir | House |
| 14:03 | Construir | House |
| 14:05 | Construir | Palisade Wall |
| 14:11 | Construir | Palisade Gate |
| 14:14 | Construir | House |
| 14:14 | Construir | House |
| 14:15 | Construir | House |
| 14:20 | Crear | Villager (Male) |
| 14:20 | Crear | Villager (Male) |
| 14:27 | Crear | Fishing Ship |
| 14:28 | Crear | Fishing Ship |
| 14:29 | Crear | Villager (Male) |
| 14:38 | Crear | Fishing Ship |
| 14:38 | Crear | Fishing Ship |
| 14:49 | Crear | Fishing Ship |
| 14:50 | Crear | Fishing Ship |
| 15:14 | Edad | Edad Feudal |
| 15:17 | Construir | Mining Camp |
| 15:20 | Investigar | Double-Bit Axe |
| 15:22 | Investigar | Town Watch |
| 15:33 | Investigar | Gold Mining |
| 15:34 | Crear | Villager (Male) ×4 |
| 15:46 | Crear | Galley |
| 15:46 | Crear | Galley |
| 15:55 | Investigar | Tech 906 |
| 16:08 | Investigar | Stone Mining |
| 16:14 | Crear | Fishing Ship |
| 16:24 | Crear | Fishing Ship |
| 16:24 | Crear | Fishing Ship |
| 16:24 | Crear | Fishing Ship |
| 16:41 | Construir | Watch Tower |
| 16:47 | Construir | Palisade Wall |
| 16:50 | Construir | Palisade Gate |
| 16:59 | Crear | Trade Cog |
| 16:59 | Crear | Trade Cog |
| 17:04 | Crear | Galley |
| 17:04 | Crear | Galley |
| 17:07 | Crear | Galley |
| 17:07 | Crear | Galley |
| 17:14 | Construir | House |
| 17:21 | Crear | Villager (Male) ×5 |
| 17:26 | Crear | Galley |
| 17:35 | Crear | Villager (Male) ×5 |
| 17:41 | Crear | Galley |
| 17:41 | Crear | Galley |
| 18:04 | Construir | Lumber Camp |
| 18:26 | Crear | Villager (Male) |
| 18:57 | Crear | Galley ×2 |
| 19:31 | Construir | Barracks |
| 19:46 | Construir | Fish Trap |
| 19:52 | Crear | Galley |
| 20:10 | Construir | Dock |
| 20:24 | Construir | Blacksmith |
| 20:32 | Construir | Fish Trap |
| 20:48 | Construir | Stable |
| 21:12 | Crear | Fishing Ship ×2 |
| 21:12 | Crear | Fishing Ship ×2 |
| 21:29 | Crear | Fishing Ship ×2 |
| 21:42 | Investigar | Castle Age |
| 21:48 | Crear | Fishing Ship |
| 21:48 | Crear | Fishing Ship |
| 21:48 | Crear | Fishing Ship |
| 22:00 | Crear | Fishing Ship ×2 |
| 22:01 | Crear | Fishing Ship ×2 |
| 22:11 | Construir | House |
| 22:12 | Construir | House |
| 22:13 | Construir | House |
| 22:13 | Construir | House |
| 22:15 | Construir | House |
| 22:18 | Construir | House |
| 22:19 | Construir | House |
| 22:20 | Construir | House |
| 22:22 | Construir | House |
| 22:23 | Construir | House |
| 22:24 | Construir | House |
Build order — Gunslinger
Primeras 150 de 319 acciones detectadas
| 0:27 | Construir | Town Center |
| 2:48 | Crear | Villager (Male) |
| 2:48 | Crear | Villager (Male) |
| 2:48 | Crear | Villager (Male) |
| 3:04 | Construir | House |
| 3:54 | Construir | Dock |
| 3:55 | Construir | House |
| 4:03 | Crear | Villager (Male) |
| 4:26 | Crear | Villager (Male) |
| 5:03 | Crear | Villager (Male) |
| 5:29 | Crear | Villager (Male) |
| 5:52 | Crear | Fishing Ship |
| 6:00 | Crear | Villager (Male) |
| 6:25 | Crear | Villager (Male) |
| 6:40 | Construir | House |
| 6:49 | Crear | Villager (Male) |
| 7:08 | Crear | Villager (Male) |
| 7:21 | Crear | Fishing Ship |
| 7:34 | Crear | Villager (Male) |
| 7:38 | Crear | Fishing Ship |
| 7:43 | Construir | House |
| 7:55 | Crear | Villager (Male) |
| 8:17 | Crear | Fishing Ship |
| 8:43 | Crear | Villager (Male) |
| 8:52 | Construir | House |
| 8:57 | Crear | Fishing Ship |
| 9:15 | Crear | Villager (Male) |
| 9:17 | Crear | Villager (Male) |
| 9:21 | Crear | Fishing Ship |
| 9:31 | Construir | House |
| 9:37 | Crear | Villager (Male) |
| 10:18 | Construir | Mining Camp |
| 10:21 | Crear | Villager (Male) |
| 10:30 | Construir | Dock |
| 10:34 | Crear | Villager (Male) |
| 10:45 | Crear | Fishing Ship |
| 11:11 | Crear | Villager (Male) |
| 11:16 | Construir | House |
| 11:22 | Crear | Villager (Male) |
| 11:29 | Crear | Fishing Ship |
| 11:29 | Crear | Fishing Ship |
| 11:54 | Construir | House |
| 11:58 | Crear | Villager (Male) |
| 12:10 | Construir | Mining Camp |
| 12:13 | Crear | Villager (Male) |
| 12:36 | Crear | Fishing Ship |
| 12:36 | Crear | Fishing Ship |
| 12:44 | Crear | Villager (Male) |
| 12:53 | Construir | Lumber Camp |
| 13:25 | Construir | Mill |
| 13:32 | Crear | Villager (Male) |
| 13:32 | Crear | Villager (Male) |
| 13:51 | Construir | Lumber Camp |
| 14:20 | Investigar | Feudal Age |
| 14:40 | Construir | Dock |
| 14:45 | Crear | Fishing Ship |
| 14:46 | Crear | Fishing Ship |
| 15:16 | Construir | House |
| 15:20 | Construir | House |
| 15:48 | Construir | Palisade Wall |
| 16:26 | Crear | Villager (Male) |
| 16:26 | Crear | Villager (Male) |
| 16:32 | Edad | Edad Feudal |
| 16:35 | Investigar | Double-Bit Axe |
| 16:42 | Crear | Unit 2626 |
| 16:42 | Crear | Unit 2626 |
| 16:43 | Crear | Unit 2626 |
| 16:43 | Crear | Unit 2626 |
| 16:43 | Crear | Unit 2626 |
| 16:44 | Crear | Unit 2626 |
| 16:56 | Construir | Blacksmith |
| 16:59 | Crear | Villager (Male) |
| 17:04 | Construir | House |
| 17:34 | Construir | House |
| 17:38 | Construir | House |
| 17:46 | Construir | Market |
| 17:53 | Construir | Palisade Wall |
| 18:03 | Crear | Villager (Male) |
| 18:03 | Crear | Villager (Male) |
| 18:13 | Construir | Barracks |
| 19:13 | Investigar | Castle Age |
| 20:43 | Construir | Mining Camp |
| 20:52 | Investigar | Stone Mining |
| 21:53 | Edad | Edad de los Castillos |
| 22:07 | Construir | Castle |
| 22:18 | Crear | Villager (Male) |
| 22:18 | Crear | Villager (Male) |
| 22:21 | Investigar | Bow Saw |
| 22:58 | Construir | Siege Workshop |
| 23:08 | Crear | Villager (Male) |
| 23:08 | Crear | Villager (Male) |
| 23:18 | Construir | Stable |
| 23:19 | Construir | Stable |
| 23:32 | Construir | Stable |
| 23:47 | Crear | Villager (Male) |
| 23:47 | Crear | Villager (Male) |
| 23:59 | Crear | Knight |
| 23:59 | Crear | Knight |
| 24:01 | Crear | Mangonel |
| 24:17 | Crear | Knight |
| 24:17 | Crear | Knight |
| 24:17 | Crear | Knight |
| 24:40 | Crear | Villager (Male) |
| 25:29 | Crear | Villager (Male) |
| 25:29 | Crear | Villager (Male) |
| 25:30 | Crear | Villager (Male) |
| 25:58 | Construir | Town Center |
| 26:12 | Construir | Farm |
| 26:13 | Construir | Farm |
| 26:13 | Construir | Farm |
| 26:13 | Construir | Farm |
| 26:14 | Construir | Farm |
| 26:14 | Construir | Farm |
| 26:14 | Construir | Farm |
| 26:14 | Construir | Farm |
| 26:54 | Construir | Farm |
| 26:54 | Construir | Farm |
| 26:54 | Construir | Farm |
| 26:55 | Construir | Farm |
| 26:55 | Construir | Farm |
| 26:55 | Construir | Farm |
| 27:18 | Construir | Mill |
| 27:24 | Crear | Villager (Male) |
| 27:24 | Crear | Villager (Male) |
| 27:24 | Crear | Villager (Male) |
| 27:25 | Crear | Villager (Male) |
| 27:40 | Construir | House |
| 28:27 | Crear | Mangonel |
| 28:55 | Investigar | Imperial Age |
| 29:11 | Construir | Town Center |
| 29:14 | Crear | Villager (Male) ×3 |
| 30:25 | Investigar | Gold Mining |
| 30:34 | Crear | Villager (Male) ×5 |
| 30:38 | Construir | House |
| 30:38 | Construir | House |
| 30:39 | Construir | House |
| 30:39 | Construir | House |
| 30:39 | Construir | House |
| 30:48 | Crear | Villager (Male) ×4 |
| 31:00 | Construir | Farm |
| 31:01 | Construir | Farm |
| 31:01 | Construir | Farm |
| 31:01 | Construir | Farm |
| 31:17 | Crear | Knight |
| 31:17 | Crear | Knight |
| 31:17 | Crear | Knight |
| 31:17 | Crear | Knight |
| 31:30 | Crear | Villager (Male) |
| 31:59 | Investigar | Gold Shaft Mining |
| 32:05 | Crear | Villager (Male) |
Build order — Stophles
Primeras 150 de 322 acciones detectadas
| 0:16 | Construir | Town Center |
| 1:25 | Construir | House |
| 1:34 | Construir | Dock |
| 2:40 | Crear | Villager (Male) |
| 2:41 | Crear | Villager (Male) |
| 2:41 | Crear | Villager (Male) |
| 2:41 | Crear | Villager (Male) |
| 2:49 | Construir | House |
| 2:58 | Construir | House |
| 4:13 | Investigar | Loom |
| 4:21 | Crear | Fishing Ship |
| 4:21 | Crear | Fishing Ship |
| 4:42 | Crear | Villager (Male) |
| 4:42 | Crear | Villager (Male) |
| 4:55 | Crear | Fishing Ship |
| 4:56 | Crear | Fishing Ship |
| 5:36 | Crear | Fishing Ship |
| 5:37 | Crear | Fishing Ship |
| 5:49 | Crear | Villager (Male) |
| 5:49 | Crear | Villager (Male) |
| 7:02 | Crear | Villager (Male) |
| 7:05 | Crear | Fishing Ship |
| 7:05 | Crear | Fishing Ship |
| 7:24 | Crear | Villager (Male) |
| 7:24 | Crear | Villager (Male) |
| 7:48 | Crear | Villager (Male) |
| 7:49 | Crear | Villager (Male) |
| 7:55 | Crear | Villager (Male) |
| 8:09 | Crear | Fishing Ship |
| 8:33 | Construir | House |
| 8:47 | Crear | Villager (Male) |
| 8:47 | Crear | Villager (Male) |
| 9:08 | Construir | House |
| 9:13 | Crear | Villager (Male) |
| 9:14 | Crear | Villager (Male) |
| 9:41 | Crear | Fishing Ship |
| 10:14 | Construir | Mill |
| 10:31 | Crear | Fishing Ship |
| 10:52 | Crear | Villager (Male) |
| 10:58 | Crear | Fishing Ship |
| 11:10 | Construir | House |
| 11:20 | Crear | Villager (Male) |
| 11:39 | Construir | Mining Camp |
| 11:41 | Crear | Villager (Male) |
| 11:52 | Investigar | Feudal Age |
| 11:56 | Construir | House |
| 12:18 | Construir | House |
| 13:31 | Construir | Lumber Camp |
| 14:20 | Edad | Edad Feudal |
| 15:09 | Construir | Stone Wall |
| 15:18 | Crear | Villager (Male) |
| 15:19 | Crear | Villager (Male) |
| 15:42 | Construir | Blacksmith |
| 15:53 | Crear | Villager (Male) |
| 16:13 | Investigar | Fletching |
| 16:45 | Crear | Villager (Male) |
| 16:55 | Crear | Transport Ship |
| 16:56 | Crear | Transport Ship |
| 17:59 | Crear | Villager (Male) |
| 18:17 | Crear | Villager (Male) |
| 18:50 | Construir | Lumber Camp |
| 18:50 | Crear | Villager (Male) |
| 22:55 | Construir | Town Center |
| 23:52 | Construir | Market |
| 23:54 | Construir | House |
| 23:55 | Construir | House |
| 25:12 | Investigar | Castle Age |
| 25:12 | Investigar | Castle Age |
| 25:46 | Construir | Lumber Camp |
| 25:57 | Construir | Farm |
| 25:59 | Construir | Farm |
| 26:01 | Construir | Farm |
| 26:04 | Construir | Farm |
| 27:52 | Edad | Edad de los Castillos |
| 28:07 | Crear | Villager (Male) |
| 28:08 | Crear | Villager (Male) |
| 28:08 | Crear | Villager (Male) |
| 28:13 | Construir | Town Center |
| 28:46 | Construir | Barracks |
| 28:52 | Construir | Mining Camp |
| 28:52 | Crear | Villager (Male) |
| 28:52 | Crear | Villager (Male) |
| 29:19 | Investigar | Double-Bit Axe |
| 29:47 | Investigar | Horse Collar |
| 30:35 | Crear | Villager (Male) |
| 30:36 | Crear | Villager (Male) |
| 30:52 | Construir | Farm |
| 30:54 | Construir | Farm |
| 30:57 | Construir | Farm |
| 31:01 | Construir | Farm |
| 31:02 | Crear | Villager (Male) |
| 31:12 | Crear | Villager (Male) |
| 31:12 | Crear | Villager (Male) |
| 31:13 | Crear | Villager (Male) |
| 31:37 | Crear | Villager (Male) |
| 31:58 | Construir | Castle |
| 32:01 | Construir | Mining Camp |
| 32:02 | Crear | Villager (Male) |
| 32:02 | Crear | Villager (Male) |
| 32:24 | Investigar | Scale Barding Armor |
| 32:26 | Crear | Villager (Male) |
| 32:26 | Crear | Villager (Male) |
| 32:26 | Crear | Villager (Male) |
| 32:26 | Crear | Villager (Male) |
| 32:27 | Crear | Villager (Male) |
| 32:27 | Crear | Villager (Male) |
| 32:53 | Construir | Mill |
| 32:55 | Crear | Villager (Male) |
| 33:02 | Construir | House |
| 33:04 | Construir | House |
| 33:16 | Crear | Villager (Male) |
| 33:16 | Crear | Villager (Male) |
| 33:25 | Crear | Villager (Male) |
| 33:31 | Crear | Villager (Male) |
| 33:38 | Construir | Farm |
| 33:41 | Construir | Farm |
| 33:42 | Crear | Villager (Male) |
| 34:01 | Crear | Villager (Male) |
| 34:13 | Construir | Farm |
| 34:14 | Crear | Villager (Male) |
| 34:16 | Crear | Villager (Male) |
| 34:16 | Crear | Villager (Male) |
| 34:28 | Crear | Villager (Male) |
| 34:54 | Investigar | Corvinian Army |
| 34:59 | Crear | Villager (Male) |
| 35:04 | Construir | Farm |
| 35:08 | Construir | Farm |
| 35:12 | Construir | Farm |
| 35:14 | Construir | Farm |
| 35:17 | Construir | Farm |
| 35:18 | Crear | Villager (Male) |
| 35:18 | Crear | Villager (Male) |
| 35:53 | Construir | Farm |
| 36:20 | Crear | Villager (Male) |
| 36:20 | Crear | Villager (Male) |
| 36:20 | Crear | Villager (Male) |
| 36:21 | Crear | Villager (Male) |
| 36:21 | Crear | Villager (Male) |
| 36:38 | Construir | Lumber Camp |
| 36:53 | Construir | House |
| 36:56 | Crear | Villager (Male) |
| 36:57 | Crear | Villager (Male) |
| 37:06 | Crear | Villager (Male) |
| 37:09 | Construir | Farm |
| 37:22 | Construir | Farm |
| 37:24 | Crear | Villager (Male) |
| 37:40 | Construir | Farm |
| 37:50 | Crear | Villager (Male) |
| 37:58 | Construir | Farm |
| 38:00 | Crear | Villager (Male) |
Build order — crazyman 单TC博杀
Primeras 150 de 296 acciones detectadas
| 0:49 | Construir | Town Center |
| 1:44 | Construir | Dock |
| 2:00 | Construir | House |
| 3:10 | Crear | Villager (Male) ×4 |
| 3:10 | Crear | Villager (Male) ×4 |
| 3:49 | Crear | Fishing Ship |
| 4:43 | Crear | Fishing Ship |
| 5:04 | Crear | Villager (Male) |
| 5:04 | Crear | Villager (Male) |
| 5:05 | Crear | Villager (Male) |
| 5:18 | Investigar | Loom |
| 5:18 | Investigar | Loom |
| 5:19 | Investigar | Loom |
| 5:26 | Construir | House |
| 5:44 | Crear | Villager (Male) |
| 5:45 | Crear | Villager (Male) |
| 6:06 | Crear | Villager (Male) |
| 6:06 | Crear | Villager (Male) |
| 6:07 | Crear | Villager (Male) |
| 6:13 | Crear | Fishing Ship |
| 6:13 | Crear | Fishing Ship |
| 6:14 | Crear | Fishing Ship |
| 6:41 | Construir | House |
| 6:45 | Crear | Villager (Male) |
| 6:45 | Crear | Villager (Male) |
| 7:12 | Crear | Villager (Male) |
| 7:13 | Crear | Villager (Male) |
| 7:13 | Crear | Fishing Ship |
| 7:14 | Crear | Fishing Ship |
| 7:14 | Crear | Fishing Ship |
| 7:40 | Crear | Villager (Male) |
| 7:40 | Crear | Villager (Male) |
| 7:41 | Crear | Villager (Male) |
| 7:48 | Crear | Fishing Ship |
| 7:48 | Crear | Fishing Ship |
| 7:51 | Crear | Villager (Male) |
| 7:51 | Crear | Villager (Male) |
| 7:52 | Crear | Villager (Male) |
| 8:24 | Construir | House |
| 8:32 | Crear | Villager (Male) |
| 8:32 | Crear | Villager (Male) |
| 8:45 | Crear | Fishing Ship |
| 9:19 | Crear | Villager (Male) |
| 9:20 | Crear | Villager (Male) |
| 9:22 | Crear | Fishing Ship |
| 10:09 | Crear | Villager (Male) |
| 10:15 | Construir | House |
| 10:48 | Construir | Mill |
| 11:06 | Crear | Villager (Male) |
| 11:22 | Investigar | Feudal Age |
| 11:22 | Investigar | Feudal Age |
| 12:12 | Crear | Villager (Male) |
| 12:13 | Crear | Villager (Male) |
| 13:41 | Edad | Edad Feudal |
| 13:43 | Construir | Market |
| 13:46 | Construir | Blacksmith |
| 14:02 | Construir | Lumber Camp |
| 14:26 | Investigar | Double-Bit Axe |
| 14:35 | Investigar | Castle Age |
| 14:35 | Investigar | Castle Age |
| 15:09 | Construir | Mining Camp |
| 15:20 | Construir | Dock |
| 15:28 | Crear | Unit 2626 |
| 16:02 | Investigar | Tech 906 |
| 16:02 | Investigar | Tech 906 |
| 16:28 | Crear | Villager (Male) |
| 16:29 | Crear | Villager (Male) |
| 16:33 | Construir | House |
| 16:34 | Construir | House |
| 16:38 | Construir | House |
| 16:47 | Construir | House |
| 16:53 | Construir | House |
| 17:04 | Construir | Dock |
| 17:10 | Crear | Fishing Ship |
| 17:15 | Edad | Edad de los Castillos |
| 17:23 | Investigar | Bow Saw |
| 17:23 | Investigar | Bow Saw |
| 17:26 | Crear | Villager (Male) |
| 17:27 | Crear | Villager (Male) |
| 17:37 | Investigar | Stone Mining |
| 17:37 | Investigar | Stone Mining |
| 17:39 | Investigar | Gold Mining |
| 17:39 | Investigar | Gold Mining |
| 17:40 | Investigar | Gold Mining |
| 17:40 | Investigar | Gold Mining |
| 17:40 | Investigar | Gold Mining |
| 17:50 | Construir | House |
| 17:56 | Crear | Fishing Ship |
| 17:56 | Crear | Fishing Ship |
| 18:47 | Crear | Longboat |
| 19:08 | Crear | Villager (Male) |
| 19:08 | Crear | Villager (Male) |
| 19:18 | Construir | Town Center |
| 19:24 | Crear | Longboat |
| 19:24 | Crear | Longboat |
| 19:31 | Investigar | Gillnets |
| 20:08 | Crear | Villager (Male) |
| 20:08 | Crear | Villager (Male) |
| 20:09 | Crear | Villager (Male) |
| 20:09 | Crear | Villager (Male) |
| 20:21 | Investigar | Stone Mining |
| 20:21 | Investigar | Stone Mining |
| 20:39 | Investigar | Fletching |
| 21:09 | Crear | Fishing Ship ×5 |
| 21:19 | Crear | Villager (Male) ×5 |
| 21:38 | Construir | Barracks |
| 21:48 | Investigar | Bodkin Arrow |
| 22:11 | Construir | Monastery |
| 22:17 | Construir | Archery Range |
| 22:26 | Construir | Stable |
| 22:31 | Construir | Stable |
| 22:32 | Crear | Villager (Male) |
| 22:33 | Crear | Villager (Male) |
| 22:41 | Crear | Monk |
| 22:53 | Investigar | Scale Barding Armor |
| 23:03 | Crear | Knight |
| 23:03 | Crear | Knight |
| 23:08 | Construir | House |
| 23:21 | Construir | House |
| 23:54 | Crear | Knight |
| 25:01 | Construir | Town Center |
| 26:01 | Crear | Villager (Male) |
| 26:01 | Crear | Villager (Male) |
| 26:02 | Crear | Villager (Male) |
| 26:02 | Crear | Villager (Male) |
| 26:19 | Construir | Castle |
| 27:33 | Construir | Castle |
| 28:17 | Crear | Villager (Male) |
| 28:17 | Crear | Villager (Male) |
| 28:17 | Crear | Villager (Male) |
| 28:18 | Crear | Villager (Male) |
| 28:45 | Crear | Fishing Ship ×5 |
| 28:45 | Crear | Fishing Ship ×5 |
| 28:45 | Crear | Fishing Ship ×5 |
| 29:32 | Construir | Mining Camp |
| 29:50 | Construir | Dock |
| 30:05 | Construir | Stable |
| 30:11 | Crear | Scout Cavalry |
| 30:20 | Construir | Market |
| 30:28 | Crear | Villager (Male) ×5 |
| 31:07 | Construir | Dock |
| 31:14 | Construir | Fish Trap |
| 31:16 | Construir | Fish Trap |
| 31:17 | Construir | Fish Trap |
| 31:18 | Construir | Fish Trap |
| 31:19 | Construir | Fish Trap |
| 31:24 | Construir | Fish Trap |
| 31:27 | Construir | Fish Trap |
| 31:31 | Construir | Fish Trap |
| 31:34 | Construir | Fish Trap |
Build order — SQ | dfLozanot
Primeras 150 de 493 acciones detectadas
| 0:11 | Construir | Town Center |
| 0:33 | Construir | Dock |
| 2:49 | Crear | Villager (Male) |
| 2:49 | Crear | Villager (Male) |
| 2:49 | Crear | Villager (Male) |
| 2:49 | Crear | Villager (Male) |
| 2:50 | Crear | Villager (Male) |
| 3:16 | Crear | Villager (Male) |
| 3:16 | Crear | Villager (Male) |
| 3:20 | Crear | Fishing Ship |
| 4:24 | Crear | Fishing Ship |
| 4:36 | Construir | House |
| 5:02 | Crear | Villager (Male) |
| 5:02 | Crear | Villager (Male) |
| 5:28 | Crear | Fishing Ship |
| 5:33 | Investigar | Loom |
| 6:03 | Crear | Villager (Male) |
| 6:03 | Crear | Villager (Male) |
| 6:12 | Construir | House |
| 6:25 | Crear | Fishing Ship |
| 6:25 | Crear | Fishing Ship |
| 6:32 | Crear | Villager (Male) |
| 6:53 | Crear | Villager (Male) |
| 6:53 | Crear | Villager (Male) |
| 6:57 | Crear | Fishing Ship |
| 7:07 | Crear | Villager (Male) |
| 7:08 | Crear | Villager (Male) |
| 7:36 | Crear | Villager (Male) |
| 7:37 | Crear | Fishing Ship |
| 7:44 | Construir | House |
| 8:07 | Crear | Villager (Male) |
| 8:07 | Crear | Villager (Male) |
| 8:07 | Crear | Villager (Male) |
| 8:17 | Crear | Villager (Male) |
| 8:17 | Crear | Villager (Male) |
| 8:46 | Construir | Dock |
| 8:49 | Crear | Villager (Male) |
| 8:50 | Crear | Fishing Ship |
| 8:51 | Crear | Fishing Ship |
| 8:51 | Crear | Fishing Ship |
| 9:13 | Crear | Villager (Male) |
| 9:13 | Crear | Villager (Male) |
| 9:17 | Crear | Fishing Ship |
| 9:17 | Crear | Fishing Ship |
| 9:28 | Crear | Fishing Ship |
| 9:33 | Crear | Fishing Ship |
| 9:35 | Crear | Villager (Male) |
| 9:35 | Crear | Villager (Male) |
| 9:36 | Crear | Villager (Male) |
| 10:09 | Construir | Mining Camp |
| 10:14 | Construir | House |
| 10:21 | Crear | Fishing Ship |
| 10:36 | Crear | Fishing Ship |
| 10:36 | Crear | Fishing Ship |
| 10:47 | Crear | Villager (Male) |
| 11:06 | Crear | Fishing Ship |
| 11:08 | Crear | Fishing Ship |
| 11:16 | Construir | House |
| 11:31 | Crear | Villager (Male) |
| 11:55 | Construir | Dock |
| 12:00 | Investigar | Feudal Age |
| 12:08 | Construir | Mill |
| 13:10 | Construir | Lumber Camp |
| 13:20 | Crear | Fishing Ship |
| 13:20 | Crear | Fishing Ship |
| 13:26 | Crear | Fishing Ship |
| 13:27 | Crear | Fishing Ship |
| 14:11 | Edad | Edad Feudal |
| 14:13 | Construir | Market |
| 14:16 | Construir | Blacksmith |
| 14:48 | Construir | Dock |
| 15:13 | Investigar | Castle Age |
| 15:13 | Investigar | Castle Age |
| 15:15 | Investigar | Fletching |
| 15:21 | Construir | Barracks |
| 15:37 | Investigar | Tech 906 |
| 15:59 | Crear | Unit 2626 ×2 |
| 16:17 | Crear | Fire Galley |
| 16:31 | Investigar | Double-Bit Axe |
| 16:31 | Investigar | Double-Bit Axe |
| 16:42 | Investigar | Gold Mining |
| 16:42 | Investigar | Gold Mining |
| 16:43 | Investigar | Gold Mining |
| 16:52 | Crear | Fire Galley |
| 16:59 | Crear | Villager (Male) |
| 17:24 | Construir | Archery Range |
| 17:53 | Edad | Edad de los Castillos |
| 18:00 | Investigar | War Galley (upgrade) |
| 18:02 | Investigar | Gillnets |
| 18:02 | Investigar | Gillnets |
| 18:05 | Investigar | Bodkin Arrow |
| 18:05 | Investigar | Bodkin Arrow |
| 18:06 | Crear | Villager (Male) |
| 18:13 | Construir | Siege Workshop |
| 18:33 | Investigar | Bow Saw |
| 18:33 | Investigar | Bow Saw |
| 18:41 | Construir | House |
| 18:46 | Crear | Villager (Male) |
| 18:50 | Crear | Elephant Archer |
| 18:53 | Investigar | Padded Archer Armor |
| 18:55 | Crear | Villager (Male) |
| 19:06 | Crear | Fire Galley |
| 19:15 | Crear | Villager (Male) |
| 19:22 | Crear | Armored Elephant |
| 19:23 | Crear | Elephant Archer |
| 19:23 | Crear | Elephant Archer |
| 19:33 | Crear | Villager (Male) |
| 19:52 | Crear | Villager (Male) |
| 19:56 | Crear | Elephant Archer |
| 20:06 | Crear | Armored Elephant |
| 20:06 | Crear | Armored Elephant |
| 20:07 | Crear | Armored Elephant |
| 20:11 | Construir | House |
| 20:16 | Construir | Dock |
| 20:36 | Construir | Archery Range |
| 20:37 | Construir | House |
| 20:43 | Crear | Elephant Archer |
| 20:46 | Crear | Villager (Male) |
| 21:04 | Crear | Unit 2626 |
| 21:05 | Crear | Unit 2626 |
| 21:05 | Crear | Unit 2626 |
| 21:06 | Crear | Unit 2626 |
| 21:06 | Crear | Unit 2626 |
| 21:06 | Crear | Unit 2626 |
| 21:15 | Construir | House |
| 21:26 | Crear | Elephant Archer |
| 21:49 | Investigar | Leather Archer Armor |
| 21:56 | Crear | Elephant Archer |
| 21:56 | Crear | Elephant Archer |
| 22:17 | Construir | Dock |
| 22:36 | Construir | House |
| 22:38 | Crear | Villager (Male) |
| 22:54 | Crear | Elephant Archer ×3 |
| 23:21 | Crear | Villager (Male) |
| 23:21 | Crear | Villager (Male) |
| 23:22 | Crear | Villager (Male) |
| 23:54 | Crear | Fire Galley ×5 |
| 23:54 | Crear | Villager (Male) |
| 23:55 | Crear | Villager (Male) |
| 23:55 | Crear | Villager (Male) |
| 24:05 | Crear | Villager (Male) |
| 24:05 | Crear | Villager (Male) |
| 24:45 | Crear | Villager (Male) |
| 24:45 | Crear | Villager (Male) |
| 24:52 | Investigar | Elite Skirmisher (upgrade) |
| 24:53 | Crear | Skirmisher ×2 |
| 25:06 | Crear | Villager (Male) |
| 25:06 | Crear | Villager (Male) |
| 25:37 | Construir | Town Center |
| 25:38 | Crear | Villager (Male) |
Cronología de la partida
| 0:27 | [TEMPLE]Al.Alejandr22 · first_building Dock |
| 0:33 | SQ | dfLozanot · first_building Dock |
| 1:00 | Dadagama · first_building Dock |
| 1:34 | Stophles · first_building Dock |
| 1:44 | crazyman 单TC博杀 · first_building Dock |
| 2:05 | 帝国新手 · first_building Dock |
| 3:54 | Gunslinger · first_building Dock |
| 4:49 | 很蓝的啦 · first_building Dock |
| 8:41 | 很蓝的啦 · wall_segment Palisade Wall x3 |
| 12:12 | 很蓝的啦 · wall_segment Palisade Wall x4 |
| 12:17 | 帝国新手 · age_up feudal |
| 12:22 | 很蓝的啦 · wall_segment Palisade Wall x3 |
| 12:23 | 很蓝的啦 · wall_segment Palisade Wall x4 |
| 13:15 | Dadagama · age_up feudal |
| 13:22 | Dadagama · wall_segment Stone Wall x1 |
| 13:41 | crazyman 单TC博杀 · age_up feudal |
| 14:05 | 很蓝的啦 · wall_segment Palisade Wall x2 |
| 14:11 | SQ | dfLozanot · age_up feudal |
| 14:18 | [TEMPLE]Al.Alejandr22 · age_up feudal |
| 14:20 | Stophles · age_up feudal |
| 15:09 | Stophles · wall_segment Stone Wall x12 |
| 15:10 | SQ | dfLozanot · first_market_buy 100 food |
| 15:14 | 很蓝的啦 · age_up feudal |
| 15:21 | SQ | dfLozanot · first_building Barracks |
| 15:48 | Gunslinger · wall_segment Palisade Wall x1 |
| 15:49 | Dadagama · first_building Barracks |
| 16:32 | Gunslinger · age_up feudal |
| 16:45 | 帝国新手 · wall_segment Stone Wall x8 |
| 16:47 | 很蓝的啦 · wall_segment Palisade Wall x3 |
| 17:15 | crazyman 单TC博杀 · age_up castle |
| 17:24 | SQ | dfLozanot · first_building Archery Range |
| 17:32 | 帝国新手 · wall_segment Stone Wall x20 |
| 17:53 | Gunslinger · wall_segment Palisade Wall x5 |
| 17:53 | SQ | dfLozanot · age_up castle |
| 18:02 | 帝国新手 · wall_segment Stone Wall x7 |
| 18:03 | Dadagama · age_up castle |
| 18:13 | SQ | dfLozanot · first_building Siege Workshop |
| 18:13 | Gunslinger · first_building Barracks |
| 18:13 | [TEMPLE]Al.Alejandr22 · age_up castle |
| 18:28 | Dadagama · first_building Archery Range |
| 19:26 | 帝国新手 · first_building Barracks |
| 19:31 | 很蓝的啦 · first_building Barracks |
| 19:50 | [TEMPLE]Al.Alejandr22 · first_building Castle |
| 19:56 | 帝国新手 · age_up castle |
| 20:03 | SQ | dfLozanot · first_market_sell 100 wood |
| 20:09 | 帝国新手 · first_building Castle |
| 20:48 | 很蓝的啦 · first_building Stable |
| 21:38 | crazyman 单TC博杀 · first_building Barracks |
| 21:53 | Gunslinger · age_up castle |
| 22:07 | Gunslinger · first_building Castle |
| 22:11 | crazyman 单TC博杀 · first_building Monastery |
| 22:17 | crazyman 单TC博杀 · first_building Archery Range |
| 22:26 | crazyman 单TC博杀 · first_building Stable |
| 22:58 | Gunslinger · first_building Siege Workshop |
| 23:04 | Dadagama · first_building Castle |
| 23:18 | Gunslinger · first_building Stable |
| 24:35 | 很蓝的啦 · age_up castle |
| 24:51 | crazyman 单TC博杀 · first_market_buy 500 wood |
| 24:56 | crazyman 单TC博杀 · first_market_sell 100 food |
| 24:59 | Stophles · first_market_sell 100 wood |
| 26:19 | crazyman 单TC博杀 · first_building Castle |
| 26:57 | 很蓝的啦 · first_building Siege Workshop |
| 27:15 | [TEMPLE]Al.Alejandr22 · first_building Siege Workshop |
| 27:36 | 帝国新手 · first_building Stable |
| 27:44 | 帝国新手 · first_market_sell 100 wood |
| 27:52 | Stophles · age_up castle |
| 28:10 | Gunslinger · first_market_sell 100 wood |
| 28:46 | Stophles · first_building Barracks |
| 29:05 | 很蓝的啦 · first_building Castle |
| 29:43 | Stophles · first_market_buy 100 food |
| 29:56 | 帝国新手 · first_market_buy 100 food |
| 31:58 | Stophles · first_building Castle |
| 32:05 | Gunslinger · age_up imperial |
| 33:02 | Dadagama · age_up imperial |
| 33:29 | 帝国新手 · first_building Archery Range |
| 33:41 | 帝国新手 · first_building Siege Workshop |
| 34:33 | 很蓝的啦 · first_market_sell 500 food |
| 36:56 | Dadagama · first_building Siege Workshop |
| 38:05 | [TEMPLE]Al.Alejandr22 · first_market_buy 100 stone |
| 38:10 | SQ | dfLozanot · first_building Castle |
| 38:20 | Dadagama · wall_segment Stone Wall x13 |
| 38:27 | Dadagama · wall_segment Stone Wall x6 |
| 38:38 | Dadagama · wall_segment Stone Wall x4 |
| 38:57 | Dadagama · wall_segment Stone Wall x1 |
| 38:59 | Dadagama · wall_segment Stone Wall x1 |
| 39:01 | Dadagama · wall_segment Stone Wall x12 |
| 40:33 | [TEMPLE]Al.Alejandr22 · age_up imperial |
| 40:58 | 很蓝的啦 · age_up imperial |
| 42:58 | 帝国新手 · age_up imperial |
| 43:06 | Stophles · first_building Stable |
| 43:41 | crazyman 单TC博杀 · age_up imperial |
| 44:33 | crazyman 单TC博杀 · first_building Siege Workshop |
| 45:26 | SQ | dfLozanot · wall_segment Palisade Wall x1 |
| 45:28 | SQ | dfLozanot · wall_segment Palisade Wall x1 |
| 45:29 | SQ | dfLozanot · wall_segment Palisade Wall x1 |
| 45:31 | SQ | dfLozanot · wall_segment Palisade Wall x1 |
| 46:43 | [TEMPLE]Al.Alejandr22 · first_building Barracks |
| 48:35 | Dadagama · first_market_sell 100 stone |
| 49:32 | [TEMPLE]Al.Alejandr22 · first_building Archery Range |
| 50:08 | Dadagama · wall_segment Stone Wall x11 |
| 50:14 | Dadagama · wall_segment Stone Wall x8 |
| 50:30 | Dadagama · wall_segment Stone Wall x15 |
| 50:38 | crazyman 单TC博杀 · wall_segment Stone Wall x3 |
| 51:37 | SQ | dfLozanot · resign |
[ ANÁLISIS IA · 1 CRÉDITO ]
¿Qué pasó realmente en esta partida?
Wolo.gg analiza cada decisión: build order, eco, micro, errores típicos por bracket. Análisis personalizado por WhatsApp o Discord en 30 segundos.
Guía civ
Wu
Perfil
Jugador #11526726